 Dungeon Crawl Stone Soup version 0.30-a0-596-g0af90f9a20 (webtiles) character file.

Game seed: 6485407908687139861

53805 arthad the Convoker (level 14, -27/66 HPs)
             Began as a Felid Summoner on Jan 6, 2023.
             Was an Initiate of Gozag.
             Hit by a large rock thrown by Polyphemus (41 damage)
             ... on level 4 of the Shoals on Jan 7, 2023.
             The game lasted 02:42:56 (28025 turns).

arthad the Convoker (Felid Summoner)               Turns: 28025, Time: 02:42:57

Health: -27/66     AC:  3    Str:  4    XL:     14   Next: 32%
Magic:  31/31      EV: 27    Int: 30    God:    Gozag
Gold:   2533       SH:  0    Dex: 17    Spells: 2/38 levels left
                                        Lives:  0   Deaths: 3

rFire   . . .      SeeInvis +      - Unarmed
rCold   + . .      Faith    .    (shield unavailable)
rNeg    . . .      Spirit   .    (body armour unavailable)
rPois   .          Reflect  .    (helmet unavailable)
rElec   .          Harm     .    (cloak unavailable)
rCorr   .          Rampage  .    (gloves unavailable)
Will    ++...                    (boots unavailable)
Stlth   ++                       a - amulet of magic regeneration
HPRegen 0.31/turn                Z - ring of wizardry
MPRegen 0.62/turn                Y - +6 ring of intelligence

@: forested, quick
A: very small, claws 1, fangs 3, see invisible, speed 1, shaggy fur 3, stealthy
paws, no weapons or thrown items, no armour, multi-lived
a: Renounce Religion, Potion Petition, Call Merchant, Bribe Branch


You were on level 4 of the Shoals.
You worshipped Gozag.
Gozag was most pleased with you.
You visited 4 branches of the dungeon, and saw 26 of its levels.
You also visited: Bailey.

You collected 9753 gold pieces.
You spent 2280 gold pieces at shops.
You paid 4940 gold pieces to Gozag.

Inventory:

Jewellery
 a - an amulet of magic regeneration (around neck)
 c - a +5 ring of evasion
 g - a ring of positive energy
 h - a ring of flight
 s - a ring of poison resistance
 z - a +5 ring of evasion
 B - an amulet of guardian spirit
 F - a ring of fire
 R - a ring of willpower
 U - a ring of protection from cold
 X - the ring "Kunaomea" {Will+ rCorr Int+2}
   (You found it on level 5 of the Lair of Beasts)

   [ring of resist corrosion]

   Int:       It affects your intelligence (+2).
   rCorr:     It protects you from acid and corrosion.
   Will:      It increases your willpower.
 Y - a +6 ring of intelligence (right paw)
 Z - a ring of wizardry (left paw)
Wands
 b - a wand of paralysis (46)
 o - a wand of iceblast (12)
 A - a wand of mindburst (19)
 I - a wand of flame (6)
 N - a wand of acid (13)
 P - a wand of polymorph (5)
Scrolls
 f - 2 scrolls of torment
 l - 3 scrolls of enchant armour
 t - 5 scrolls of noise
 u - 15 scrolls of teleportation
 v - 6 scrolls of enchant weapon
 w - a scroll of fog
 x - 2 scrolls of fear
 y - 2 scrolls of immolation
 E - a scroll of amnesia
 G - 5 scrolls of magic mapping
 K - 3 scrolls of poison
 M - a scroll of vulnerability
 O - 2 scrolls of blinking
 T - 4 scrolls of identify
 V - a scroll of silence
Potions
 d - a potion of berserk rage
 e - 2 potions of curing
 i - a potion of resistance
 j - a potion of heal wounds
 k - 4 potions of cancellation
 n - 6 potions of haste
 p - 5 potions of flight
 q - 3 potions of lignification
 r - 8 potions of might
 C - a potion of magic
 D - 4 potions of attraction
 H - 3 potions of mutation
 S - a potion of brilliance
Miscellaneous
 m - a condenser vane
 J - a phantom mirror
 L - a tin of tremorstones (2/2)
 Q - a lightning rod (4/4)


   Skills:
 + Level 10.6 Fighting
 + Level 14.1 Dodging
 - Level 2.6 Stealth
 + Level 6.2 Unarmed Combat
 * Level 12.8 Spellcasting
 - Level 10.0 Hexes
 * Level 15.7 Summonings
 - Level 5.0 Necromancy
 - Level 10.0 Translocations
 - Level 0.2 Ice Magic
 + Level 9.7 Air Magic
 - Level 4.0 Evocations


You had 2 spell levels left.
You knew the following spells:

 Your Spells              Type           Power      Damage    Failure   Level
a - Summon Hydra          Summ           42%        N/A       1%          7
c - Call Canine Familiar  Summ           85%        N/A       0%          3
d - Summon Guardian Gole  Hex/Summ       77%        N/A       1%          3
e - Summon Lightning Spi  Summ/Air       77%        N/A       1%          4
f - Summon Mana Viper     Hex/Summ       77%        N/A       1%          5
g - Anguish               Hex/Necr       29%        N/A       1%          4
h - Blink                 Tloc           100%       N/A       1%          2
i - Vhi's Electric Charg  Tloc/Air       100%       N/A       1%          3
j - Summon Forest         Summ/Tloc      38%        N/A       1%          5

Your spell library contained the following spells:

 Spells                   Type           Power      Damage    Failure   Level
 Summon Small Mammal      Summ           100%       N/A       0%          1
 Call Imp                 Summ           85%        N/A       0%          2
 Apportation              Tloc           100%       N/A       1%          1
 Kiss of Death            Conj/Necr      100%       2d13      1%          1
 Necrotise                Necr           100%       1d9       1%          1
 Shock                    Conj/Air       100%       1d9       1%          1
 Cigotuvi's Dreadful Rot  Necr/Pois/Air  96%        N/A       1%          2
 Ensorcelled Hibernation  Hex/Ice        98%        N/A       1%          2
 Momentum Strike          Conj/Tloc      98%        3d10      1%          2
 Poisonous Vapours        Pois/Air       96%        N/A       1%          2
 Static Discharge         Conj/Air       96%        2-6/arc   1%          2
 Confusing Touch          Hex            68%        N/A       1%          3
 Gell's Gravitas          Tloc           68%        N/A       1%          3
 Kindle Blastsparks       Fire/Tloc/Air  100%       2d18      1%          3
 Lesser Beckoning         Tloc           100%       N/A       1%          3
 Mephitic Cloud           Conj/Pois/Air  38%        N/A       1%          3
 Swiftness                Air            67%        N/A       1%          3
 Teleport Other           Tloc           68%        N/A       1%          3
 Vampiric Draining        Necr           49%        2d9       1%          3
 Airstrike                Air            33%        2d(5-21)  1%          4
 Dispel Undead            Necr           49%        3d18      1%          4
 Fulminant Prism          Conj/Hex       24%        3d12      1%          4
 Iskenderun's Mystic Bla  Conj/Tloc      49%        2d11      1%          4
 Leda's Liquefaction      Hex/Erth       24%        N/A       1%          4
 Summon Ice Beast         Ice/Summ       61%        N/A       1%          4
 Monstrous Menagerie      Summ           42%        N/A       1%          7
 Dispersal                Tloc           34%        N/A       2%          6
 Frozen Ramparts          Ice            40%        1d7       3%          3
 Ignite Poison            Fire/Tmut/Pois 19%        N/A       3%          3
 Spider Form              Tmut/Pois      19%        N/A       3%          3
 Agony                    Necr           49%        N/A       4%          5
 Arcjolt                  Conj/Air       24%        1d34      4%          5
 Lightning Bolt           Conj/Air       24%        1d39      4%          5
 Ice Form                 Ice/Tmut       19%        N/A       11%         4
 Sticky Flame             Conj/Fire      19%        2d4       11%         4
 Borgnjor's Vile Clutch   Necr/Erth      17%        N/A       11%         5
 Summon Horrible Things   Summ           42%        N/A       11%         8
 Alistair's Intoxication  Tmut/Pois      12%        N/A       28%         5
 Lee's Rapid Deconstruct  Erth           9%         3d7*      28%         5
 Spellforged Servitor     Conj/Summ      30%        N/A       32%         7
 Eringya's Noxious Bog    Tmut/Pois      9%         N/A       82%         6
 Orb of Destruction       Conj           9%         9d6       100%        7
 Ignition                 Fire           9%         3d5       100%        8
 Portal Projectile        Hex/Tloc       Unusable   N/A       N/A         3

Dungeon Overview and Level Annotations

Branches:
Dungeon (15/15)            Temple (0/1) D:6            Lair (5/5) D:11
 Shoals (4/4) Lair:2       Spider (0/4) Lair:3        Slime (0/5) Lair:4
    Orc (2/2) D:12            Elf (0/3) Orc:2        Vaults (0/5) D:13
 Bailey (visited)
 Depths: D:15

Altars:
Ashenzari
Cheibriados
Dithmenos
Elyvilon
Fedhas
Gozag
Kikubaaqudgha
Makhleb
Nemelex Xobeh
Qazlal
Ru
Vehumet
Wu Jian
Xom
The Shining One

Shops:
Orc:2 *(([   Lair:2 ?   Lair:3 :   Lair:5 :=   Shoals:3 :

Annotations:
D:3 1 runed translucent door, CraigOfTheCreek's ghost, weakling DrWn
D:10 2 transporters
Shoals:4 Polyphemus


Innate Abilities, Weirdness & Mutations

You have sharp claws.
You have razor-sharp teeth.
You have supernaturally acute eyesight. (SInv)
You cover ground quickly. (Speed+)
Your thick and shaggy fur keeps you warm. (AC +3, rC+)
Your paws help you pounce on unaware monsters.
You are incapable of wielding weapons or throwing items.
You cannot wear armour.
You gain extra lives every three experience levels.


Message History

Found a stone staircase leading up.
F - a ring of fire
Found 9 stones.
Splash!
You fall into the shallow water.
Moving in this stuff is going to be slow.
Polyphemus shouts, "Attack, my pets!
Attack!"
Casting: Summon Hydra (dangerous; 1% risk of failure)
Confirm with . or Enter, or press ? or * to list all spells.
A forested plane collides here with a resounding crunch!
Your dryad calls out to the forest.
The forest starts to sway and rumble!
You hear a bellow!
A tree reaches out and hits the plant!
The plant begins to die.
A root smacks the plant from below!
The plant begins to die.
A tree reaches out and hits Polyphemus!
The plant is hit by a branch!
The plant begins to die.
A root smacks the plant from below!
The plant begins to die.
Branches wave dangerously above you.
A tree reaches out and hits the plant!
The plant is hit by a branch!
A tree reaches out and hits Polyphemus!
A tree reaches out and hits the plant!
The plant is hit by a branch!
A tree reaches out and hits the plant!
A root smacks Polyphemus from below!
A tree reaches out and hits the plant!
The plant is hit by a branch!
A tree reaches out and hits the plant!
A nearby plant withers and dies.
The plant is hit by a branch!
A tree reaches out and hits the plant!
Branches wave dangerously above you.
The plant is hit by a branch!
A tree reaches out and hits the plant!
A nearby plant withers and dies. x2; Polyphemus throws a large rock.
The large rock hits you!!!
Ouch! That really hurt!
* * * LOW HITPOINT WARNING * * *
Polyphemus throws a large rock.
The large rock closely misses you.
Splash!
You fall into the shallow water.
Moving in this stuff is going to be slow.
Polyphemus throws a large rock.
The large rock hits you!!!
Ouch! That really hurt!
You die...
Your body crumbles into a pile of gold.

≈≈≈≈≈≈≈≈≈≈≈≈≈≈≈≈≈≈≈≈≈≈≈≈≈≈≈≈
≈≈≈~~~≈≈≈≈≈≈≈≈≈≈≈≈≈≈≈≈≈≈≈≈≈≈
≈≈~~~~~≈≈≈≈≈≈≈≈≈≈≈≈≈≈≈≈≈≈≈≈≈
~~~~~~~≈≈≈≈≈≈≈~~~≈≈~~~~~~~≈≈
~~..~~~~~~~~~~~~~~~~~~~~~~≈≈
~~~~~~~~~~~~~~~~~~~~~~~~~~~~..~~≈
~~~.~~.~~~~C~~R~~~~..~~~....~~~~≈
~~~~~~~..~~~~♣~~P..♣...~.....~~≈≈
≈≈≈~~~.♣♣.......@.....<.......~~≈
~~~~~~.....♣♣...P.............~~≈
~~~~~..♣Y.....##..............~~≈
~~~~.........P...♣..........~~≈≈≈
..............##.#.........~~~≈≈≈
............P................~~≈≈
#P~~~....P.P.................~~≈≈
#.~~~~.....#.....~...#.(......~≈≈
.~~≈~~~................~.....~~~≈


You could see Polyphemus and a friendly dryad (summoned).

Vanquished Creatures
  A merfolk javelineer (Shoals:4)
  2 satyrs (Shoals:4)
  A wizard (D:15)
  A faun (Shoals:4)
  A merfolk siren (Shoals:3)
  A dream sheep (Shoals:2)
  A yak (Lair:5)
  A warg (Orc:1)
  An orc warrior (Bailey)
  An orc priest (D:12)
  A giant cockroach (D:2)
  A hobgoblin (D:1)
  A jackal (D:4)
  A kobold (D:1)
  A rat (D:1)
16 creatures vanquished.

Vanquished Creatures (collateral kills)
  Bai Suzhen (Shoals:4)
  Jorgrun (Orc:2)
  A kraken (Shoals:3)
  An orc warlord (Orc:2)
  A merfolk impaler (Shoals:4)
  4 merfolk javelineers
  2 hydras
  2 alligator snapping turtles (Shoals:4)
  4 merfolk aquamancers (Shoals:4)
  2 merfolk avatars
  2 catoblepae
  3 boulder beetles
  2 satyrs
  4 centaur warriors
  12 death yaks
  A two-headed ogre (D:12)
  3 orc high priests (Orc:2)
  A tengu warrior (D:15)
  5 skeletal warriors
  9 sea snakes
  A lindwurm (Lair:5)
  6 deep elf pyromancers
  3 orc knights (Orc:2)
  16 harpies
  5 cyclopes
  3 ugly things
  4 orc sorcerers (Orc:2)
  8 fauns
  6 manticores
  2 black mambas
  4 elephants (Lair:2)
  A torpor snail (Lair:4)
  6 merfolk sirens
  4 cane toads
  5 rime drakes
  A kobold demonologist (D:12)
  8 komodo dragons
  A tengu conjurer (D:14)
  5 trolls
  6 harpy zombies (Shoals:2)
  15 merfolk
  2 hornets
  12 blink frogs
  A dream sheep (Shoals:2)
  3 slime creatures (D:12)
  10 snapping turtles
  Sigmund (D:4)
  5 shadows
  A vampire (D:11)
  4 wyverns
  13 basilisks
  A wraith (D:13)
  9 humans (D:13)
  42 yaks
  10 vampire mosquitoes
  A steam dragon (Lair:5)
  2 wargs
  An acid dragon (Lair:5)
  8 water moccasins
  2 black bears
  A sky beast (D:8)
  20 orc warriors
  An ogre (D:7)
  4 wolves (Lair:2)
  11 centaurs
  3 kobold brigands
  12 bullfrogs
  A necrophage (D:6)
  2 scorpions
  2 killer bees (D:8)
  2 howler monkeys (D:12)
  11 jellies
  2 hounds (D:4)
  13 orc priests
  2 iguanas
  Natasha (thrice) (D:4)
  22 orc wizards
  A statue (D:12)
  3 gnolls (D:8)
  5 adders
  A shadow imp (D:5)
  3 white imps (D:6)
  2 worms
  A dart slug (D:1)
  62 orcs
  4 bats
  3 bat zombies
  7 endoplasms
  11 goblins
  8 hobgoblins
  6 jackals
  16 kobolds
  2 quokkas (D:3)
  8 ball pythons
  3 frilled lizards (D:2)
  9 rats
  2 rat zombies (D:4)
  A butterfly (Lair:5)
  3 tentacles (Shoals:3)
572 creatures vanquished.

Vanquished Creatures (others)
  A merfolk impaler (Shoals:3)
  2 hydras (Lair:5)
  2 catoblepae (Lair:5)
  2 vault guards (D:13)
  A boulder beetle (D:13)
  A centaur warrior (D:13)
  2 two-headed ogres
  5 death yaks
  3 skeletal warriors
  2 orc knights
  4 fauns
  An orc sorcerer (Orc:2)
  6 ugly things (D:15)
  2 elephants (Lair:2)
  2 black mambas
  A cane toad (Lair:5)
  3 komodo dragons (Lair:3)
  A troll (D:12)
  A wind drake (Shoals:1)
  A blink frog (Lair:5)
  A wraith (D:10)
  A human (D:13)
  11 yaks
  3 vampire mosquitoes
  An acid dragon (D:10)
  2 water moccasins
  6 orc warriors
  A black bear (D:4)
  3 centaurs (D:13)
  A scorpion (D:5)
  6 killer bees
  A howler monkey (D:12)
  3 jellies (Lair:4)
  2 orc wizards
  3 orcs
  An endoplasm (D:4)
  28 fungi
  197 plants
  10 snaplasher vines
  8 tentacles (Shoals:3)
332 creatures vanquished.

Grand Total: 920 creatures vanquished

Notes
Turn   | Place    | Note
-------+----------+-------------------------------------------
     0 | D:1      | arthad the Felid Summoner began the quest for the Orb.
     0 | D:1      | Reached XP level 1. HP: 7/7 MP: 4/4
   359 | D:1      | Reached XP level 2. HP: 9/11 MP: 4/6
   363 | D:1      | Learned a level 2 spell: Call Imp
  1599 | D:2      | Reached XP level 3. HP: 14/14 MP: 3/7
  1603 | D:2      | Learned a level 3 spell: Call Canine Familiar
  1790 | D:2      | Found an ancient bone altar of Kikubaaqudgha.
  2235 | D:2      | Found a faded altar of an unknown god.
  2567 | D:2      | Identified the +9 rapier of Coitecsob {pain, rF+}
  2786 | D:3      | Found a runed translucent door.
  2798 | D:3      | Reached skill level 5 in Summonings
  3117 | D:3      | Noticed a bullfrog
  3118 | D:3      | Noticed CraigOfTheCreek's ghost (weakling DrWn)
  3470 | D:3      | Reached XP level 4. HP: 18/18 MP: 0/8
  3473 | D:3      | Reached skill level 1 in Hexes
  4184 | D:4      | Noticed a two-headed ogre
  4304 | D:4      | Noticed Natasha
  4321 | D:4      | Killed Natasha
  4322 | D:4      | Reached skill level 1 in Fighting
  4322 | D:4      | Reached skill level 1 in Air Magic
  4322 | D:4      | Reached XP level 5. HP: 22/22 MP: 0/10
  4404 | D:4      | Learned a level 3 spell: Summon Guardian Golem
  4432 | D:4      | Noticed Natasha
  4451 | D:4      | Killed Natasha
  4794 | D:4      | Found an ancient bone altar of Kikubaaqudgha.
  5057 | D:4      | Noticed Sigmund
  5061 | D:4      | Killed a two-headed ogre
  5062 | D:4      | Reached skill level 6 in Summonings
  5062 | D:4      | Gained mutation: You are covered in thick fur. (AC +2)
                  | [Felid growth]
  5062 | D:4      | Reached XP level 6. HP: 15/26 MP: 0/13
  5062 | D:4      | Reached XP level 7. HP: 18/30 MP: 0/14
  5078 | D:4      | Identified 2 scrolls of acquirement
  5078 | D:4      | Acquired a +5 ring of evasion
  5095 | D:4      | Killed Sigmund
  5096 | D:4      | Reached skill level 5 in Hexes
  5204 | D:4      | Noticed Natasha
  5215 | D:4      | Killed Natasha
  5286 | D:4      | Reached XP level 8. HP: 18/34 MP: 13/15
  5446 | D:4      | Learned a level 4 spell: Summon Lightning Spire
  5705 | D:5      | Entered Level 5 of the Dungeon
  5888 | D:5      | Found an ornate altar of the Wu Jian Council.
  6223 | D:5      | Found a shimmering altar of Xom.
  6312 | D:5      | Found an opulent altar of Gozag.
  6312 | D:5      | Found a shadowy altar of Dithmenos.
  6317 | D:5      | Became a worshipper of Gozag Ym Sagoz the Greedy
  6519 | D:5      | Found a white marble altar of Elyvilon.
  6727 | D:6      | Reached skill level 5 in Dodging
  6832 | D:6      | Acquired 1054 gold pieces
  6850 | D:6      | Found a staircase to the Ecumenical Temple.
  6868 | D:6      | Reached skill level 7 in Summonings
  6982 | D:6      | Reached skill level 5 in Spellcasting
  7396 | D:6      | Found a burning altar of Makhleb.
  7846 | D:7      | Reached XP level 9. HP: 38/38 MP: 6/18
  7852 | D:7      | Learned a level 5 spell: Summon Mana Viper
  8027 | D:7      | Acquired 834 gold pieces
  8242 | D:7      | Found a blossoming altar of Fedhas.
  8817 | D:8      | Found a flagged portal.
  8826 | Bailey   | Entered a bailey
  9070 | Bailey   | Noticed an orc knight
  9094 | Bailey   | Killed an orc knight
  9095 | Bailey   | Reached skill level 8 in Summonings
  9300 | Bailey   | Found a large runed translucent door.
  9300 | Bailey   | Found a large runed translucent door.
  9301 | Bailey   | Noticed a deep elf pyromancer
  9391 | Bailey   | Killed a deep elf pyromancer
  9392 | Bailey   | Reached XP level 10. HP: 43/43 MP: 6/20
  9408 | Bailey   | Got the Anthology of Metamorphosis and Leadership
  9412 | Bailey   | Identified the +1 ring mail of Proximity {rN+}
 10399 | D:9      | Acquired an amulet of magic regeneration
 10507 | D:9      | Found a sacrificial altar of Ru.
 10530 | D:9      | Reached skill level 1 in Necromancy
 10530 | D:9      | Reached skill level 1 in Evocations
 10534 | D:9      | Reached skill level 10 in Hexes
 10745 | D:9      | Learned a level 4 spell: Anguish
 10914 | D:9      | Reached skill level 5 in Fighting
 11207 | D:10     | Entered Level 10 of the Dungeon
 11258 | D:10     | Reached skill level 9 in Summonings
 11261 | D:10     | Reached skill level 1 in Translocations
 11411 | D:10     | Reached XP level 11. HP: 48/48 MP: 11/23
 11438 | D:10     | Found a glowing golden altar of the Shining One.
 11474 | D:10     | Found a snail-covered altar of Cheibriados.
 11551 | D:10     | Found a transporter.
 11564 | D:10     | Reached skill level 5 in Air Magic
 11637 | D:10     | Found a broken altar of Ashenzari.
 11666 | D:10     | Found a transporter.
 11817 | D:10     | Identified the +10 mace of Plog {speed, rElec Dex+2}
 11909 | D:10     | Found a sparkling altar of Nemelex Xobeh.
 12495 | D:11     | Found a staircase to the Lair.
 12839 | D:11     | Noticed a skeletal warrior
 12849 | D:11     | Noticed a skeletal warrior
 12850 | D:11     | Killed a skeletal warrior
 12854 | D:11     | Killed a skeletal warrior
 12857 | D:11     | Noticed a skeletal warrior
 12857 | D:11     | Noticed a skeletal warrior
 12862 | D:11     | Noticed a skeletal warrior
 12876 | D:11     | Killed a skeletal warrior
 12877 | D:11     | Reached skill level 10 in Summonings
 12883 | D:11     | Killed a skeletal warrior
 12893 | D:11     | Killed a skeletal warrior
 13191 | D:12     | Reached skill level 5 in Translocations
 13210 | D:12     | Gained mutation: Your thick and shaggy fur keeps you warm.
                  | (AC +3, rC+) [Felid growth]
 13210 | D:12     | Reached XP level 12. HP: 52/52 MP: 10/25
 13213 | D:12     | Learned a level 2 spell: Blink
 13302 | D:12     | Noticed a two-headed ogre
 13308 | D:12     | Killed from afar by a deep elf pyromancer
 13309 | D:12     | Reached XP level 11. HP: -2/48 MP: 8/24
 13475 | D:12     | Found a staircase to the Orcish Mines.
 13503 | D:12     | Killed a two-headed ogre
 13519 | D:12     | Killed a deep elf pyromancer
 13572 | D:12     | Learned a level 3 spell: Vhi's Electric Charge
 13802 | D:12     | Found a radiant altar of Vehumet.
 13922 | D:12     | Noticed a two-headed ogre
 13940 | D:12     | Killed a two-headed ogre
 14001 | D:12     | Noticed a sixfirhy
 14117 | D:12     | Noticed a boulder beetle
 14131 | D:12     | Killed a boulder beetle
 14132 | D:12     | Reached skill level 11 in Summonings
 14312 | D:13     | Noticed a boulder beetle
 14318 | D:13     | Noticed a deep elf pyromancer
 14321 | D:13     | Noticed a centaur warrior
 14324 | D:13     | Noticed a boulder beetle
 14326 | D:13     | Killed a boulder beetle
 14331 | D:13     | Killed a deep elf pyromancer
 14334 | D:13     | Killed a boulder beetle
 14338 | D:13     | Killed a centaur warrior
 14598 | D:13     | Noticed a vault guard
 14601 | D:13     | Reached skill level 5 in Necromancy
 14603 | D:13     | Noticed a vault guard
 14604 | D:13     | Reached XP level 12. HP: 54/54 MP: 7/26
 14608 | D:13     | Killed a vault guard
 14609 | D:13     | Reached skill level 10 in Dodging
 14625 | D:13     | Killed a vault guard
 14682 | D:13     | Found a gate to the Vaults.
 14764 | D:13     | Noticed a centaur warrior
 14772 | D:13     | Killed a centaur warrior
 14773 | D:13     | Reached skill level 10 in Spellcasting
 14886 | D:13     | Noticed a centaur warrior
 14894 | D:13     | Killed a centaur warrior
 15158 | D:14     | Reached skill level 12 in Summonings
 16011 | D:14     | Noticed a boulder beetle
 16048 | D:14     | Killed a boulder beetle
 16252 | D:15     | Entered Level 15 of the Dungeon
 16257 | D:15     | Noticed a tengu warrior
 16266 | D:15     | Noticed a tengu warrior
 16278 | D:15     | Killed a tengu warrior
 16285 | D:15     | Noticed a catoblepas
 16289 | D:15     | Noticed a centaur warrior
 16291 | D:15     | Reached XP level 13. HP: 58/58 MP: 4/28
 16584 | Lair:1   | Entered Level 1 of the Lair of Beasts
 17135 | Lair:1   | Reached skill level 13 in Summonings
 17770 | Lair:2   | Reached skill level 1 in Unarmed Combat
 18385 | Lair:2   | Found a staircase to the Shoals.
 18590 | Lair:2   | Bought a scroll of amnesia for 72 gold pieces
 18590 | Lair:2   | Bought a scroll of identify for 36 gold pieces
 18590 | Lair:2   | Bought a scroll of identify for 36 gold pieces
 18590 | Lair:2   | Bought a scroll of magic mapping for 135 gold pieces
 18592 | Lair:2   | Bought a scroll of blinking for 135 gold pieces
 18621 | Lair:3   | Bought a Fen Folio for 672 gold pieces
 18627 | Lair:3   | Learned a level 5 spell: Summon Forest
 19186 | Lair:3   | Found a hole to the Spider Nest.
 19807 | Lair:4   | Reached XP level 14. HP: 64/64 MP: 17/29
 19945 | Lair:4   | Found a staircase to the Slime Pits.
 20038 | Lair:4   | Identified the +3 lajatang "Opsumm" {flame, rCorr}
 20589 | Lair:5   | Entered Level 5 of the Lair of Beasts
 20808 | Lair:5   | Found a stormy altar of Qazlal.
 20854 | Lair:5   | Reached skill level 14 in Summonings
 21914 | Lair:5   | Identified the ring "Kunaomea" {Will+ rCorr Int+2}
 22057 | Lair:5   | Bought a +6 ring of intelligence for 612 gold pieces
 22057 | Lair:5   | Bought a ring of wizardry for 510 gold pieces
 22128 | Lair:2   | Bought a scroll of amnesia for 72 gold pieces
 22263 | Orc:1    | Entered Level 1 of the Orcish Mines
 22499 | Orc:2    | Entered Level 2 of the Orcish Mines
 22499 | Orc:2    | Noticed Jorgrun
 22511 | Orc:2    | Killed Jorgrun
 22697 | Orc:2    | Found a staircase to the Elven Halls.
 22717 | Orc:2    | Noticed an orc warlord
 22742 | Orc:2    | Killed an orc warlord
 23208 | Orc:2    | Reached XP level 15. HP: 69/69 MP: 18/31
 23332 | Orc:2    | Found Xemevic's Assorted Antiques.
 23332 | Orc:2    | Found Riptilol's Antique Weapon Boutique.
 23334 | Orc:2    | Found Xirgh's Antique Weapon Shoppe.
 23334 | Orc:2    | Found Ochuuq's Antique Armour Boutique.
 23441 | Orc:1    | Learned a level 7 spell: Summon Hydra
 23900 | Shoals:1 | Entered Level 1 of the Shoals
 24029 | Shoals:1 | Reached skill level 10 in Translocations
 24881 | Shoals:2 | Identified the +4 chain mail of the Onion {rElec rPois
                  | Int-3 Dex+4}
 25575 | Shoals:3 | Reached skill level 10 in Fighting
 25575 | Shoals:3 | Reached skill level 5 in Unarmed Combat
 25633 | Shoals:3 | Found a shadowy altar of Dithmenos.
 25751 | Shoals:3 | Noticed a kraken
 25777 | Shoals:3 | Killed a kraken
 25843 | Shoals:3 | HP: 1/69 [faun/sling bullet (15)]
 26045 | Shoals:3 | Reached skill level 15 in Summonings
 26536 | Shoals:3 | Found Geiteod's Vocational Training.
 26875 | Shoals:4 | Entered Level 4 of the Shoals
 27105 | Shoals:4 | Hit by a javelin thrown by a merfolk javelineer
 27106 | Shoals:4 | Reached XP level 14. HP: 0/66 MP: 16/31
 27106 | Shoals:4 | Noticed Bai Suzhen
 27134 | Shoals:4 | Killed Bai Suzhen
 27171 | Shoals:4 | Reached XP level 15. HP: 53/70 MP: 19/32
 27950 | Shoals:4 | Noticed Polyphemus
 27953 | Shoals:4 | Hit by a large rock thrown by Polyphemus
 27954 | Shoals:4 | Reached XP level 14. HP: -10/66 MP: 6/31
 28025 | Shoals:4 | Hit by a large rock thrown by Polyphemus

Illustrated notes

Levels and vault maps discovered:
D:1:      matt_arrival_grand_opening, layout_basic, chequers_arboretum
D:2:      layout_loops_corners, basic_altar,
          hellmonk_ecumenical_altar_leap_of_faith, serial_bayou_pond_e,
          minmay_misc_feat_doors
D:3:      layout_basic, ebering_ghost_sewer_d, kennysheep_generic_room_10
D:4:      layout_basic, lemuel_zombie_altar_kikubaaqudgha,
          chequers_serial_rivers_micro_a, uniq_sigmund, uniq_natasha
D:5:      layout_loops_ring, xom_butterflies, gammafunk_temple_overflow_statue,
          lemuel_coloured_pillars_altar, mainiacjoe_overflow_alcove_4
D:6:      layout_basic, mainiacjoe_overflow_24_doors,
          minmay_temple_entry_crystal_x, amcnicky_mini_pool_small,
          hellmonk_bongcloud_opening
D:7:      layout_basic, mainiacjoe_overflow_concentric_impassable
D:8:      layout_loops_ring, enter_bailey_8, kennysheep_generic_room_2
D:9:      layout_roguey, nicolae_ru_awakened_eye, chequers_decorated_corner
D:10:     gammafunk_worm_tunnel, layout_long_grid, nemelex_diamond_rough_becter,
          grunt_temple_overflow_open, ashenzari_conservatory_becter
D:11:     layout_irregular_city, lair_entry_dummy, serial_rivers,
          chequers_serial_rivers_micro_b, chequers_serial_rivers_micro_a,
          chequers_serial_rivers_micro_d, chequers_serial_rivers_large_a,
          kennysheep_big_empty_room, minmay_misc_feat_iff
D:12:     layout_gridville, erik_orc_4, vehumet_statue
D:13:     layout_big_octagon, ximxim_vaults_locker_room
D:14:     layout_basic, minmay_misc_feat_encased
D:15:     grunt_enter_depths_magical_seal, layout_basic,
          hangedman_decor_opposing, minmay_guarded_unrand_vampires_tooth
Lair:1:   layout_loops_ring
Lair:2:   layout_gridlike, nicolae_shoals_entry_roost, st_stairs_4
Lair:3:   beast_lair_carwin_large_2, layout_cave_pods,
          spider_nest_entry_web_field, st_stairs_4, kennysheep_basilisk_garden
Lair:4:   layout_hall_layers, minmay_slime_entry_jelly_boxes,
          serial_bayou_pond_d
Lair:5:   evilmike_catoblepas_cave, layout_misc_corridors, basic_altar,
          st_stairs_11, guppyfry_lair_drakes, lemuel_fruit_fields
Shoals:1: layout_shoals
Shoals:2: layout_shoals, nicolae_shoals_undead_eyrie
Shoals:3: layout_shoals, lemuel_altar_in_water, nicolae_shop_vocational
Shoals:4: shoals_end_grunt_garden, layout_shoals, uniq_polyphemus,
          uniq_bai_suzhen
Orc:1:    layout_caves
Orc:2:    grunt_orc_tribal_feast, layout_diamond_mine, uniq_jorgrun

Skill      XL: |  1  2  3  4  5  6  7  8  9 10 11 12 13 14 15 |
---------------+----------------------------------------------+-----
Summonings     | 5 6 7 8 9 11 12 13 14 15 | 15.7
Hexes          | 2 4 5 7 9 10 | 10.0
Dodging        | 3 4 5 6 7 9 11 12 14 | 14.1
Fighting       | 1 2 3 4 5 7 8 9 10 | 10.6
Air Magic      | 1 2 3 4 6 7 8 9 |  9.7
Spellcasting   | 4 5 6 7 9 10 11 12 | 12.8
Necromancy     | 2 5 |  5.0
Evocations     | 2 4 |  4.0
Translocations | 2 5 6 9 10 | 10.0
Unarmed Combat | 2 4 6 |  6.2
Stealth        | |  2.6
Ice Magic      | |  0.2

Action                   |  1- 3 |  4- 6 |  7- 9 | 10-12 | 13-15 || total
-------------------------+-------+-------+-------+-------+-------++-------
Melee: Unarmed           |    23 |     6 |     2 |    13 |    22 ||    66
       Bite              |       |     1 |     2 |     4 |     3 ||    10
 Cast: Summon Small Mamm |    63 |    23 |    26 |    13 |     3 ||   128
       Call Imp          |    17 |    10 |    16 |    24 |    13 ||    80
       Call Canine Famil |    15 |    15 |    28 |    52 |    87 ||   197
       Summon Guardian G |       |     3 |    15 |    60 |    85 ||   163
       Summon Lightning  |       |       |    15 |    72 |   114 ||   201
       Summon Mana Viper |       |       |     1 |    40 |    78 ||   119
       Anguish           |       |       |       |    17 |    24 ||    41
       Blink             |       |       |       |     1 |     4 ||     5
       Vhi's Electric Ch |       |       |       |     1 |     1 ||     2
       Summon Forest     |       |       |       |       |    34 ||    34
       Summon Hydra      |       |       |       |       |   120 ||   120
Invok: Call Merchant     |       |       |       |       |     4 ||     4
       Potion Petition   |       |       |       |       |     3 ||     3
Evoke: Wand              |       |       |     2 |     5 |     9 ||    16
       Phantom mirror    |       |       |       |     1 |     1 ||     2
  Use: Scroll            |       |     1 |    16 |     7 |    13 ||    37
       Potion            |       |     1 |     4 |     1 |    10 ||    16
 Stab: Distracted        |       |       |       |     2 |     1 ||     3
Armor: Skin              |     3 |     2 |     2 |       |     7 ||    14
Dodge: Dodged            |    32 |    17 |    33 |    84 |   328 ||   494

Table legend: (Time is in decaauts)
 A = Elapsed time spent in this place.
 B = Non-inter-level travel time spent in this place.
 C = Inter-level travel time spent in this place.
 D = Time resting spent in this place.
 E = Time spent auto-exploring this place.
 F = Levels seen in this place.
 G = Mean time per level.
                   A        B        C        D        E       F      G
               +--------+--------+--------+--------+--------+-----+--------+
         Total |  24914 |  23851 |   1063 |   1157 |  17603 |  27 |  922.7 |
       Dungeon |  14088 |  13502 |    586 |    499 |  10416 |  15 |  939.2 |
          Lair |   4881 |   4573 |    308 |     59 |   3319 |   5 |  976.2 |
        Shoals |   3965 |   3874 |     91 |    312 |   2776 |   4 |  991.2 |
  Orcish Mines |   1344 |   1268 |     76 |    153 |    814 |   2 |  672.0 |
        Bailey |    635 |    635 |      0 |    134 |    276 |   1 |  635.0 |
               +--------+--------+--------+--------+--------+-----+--------+

Top non-repeatable levels by time:
     D:4: 1337 daAuts
     D:2: 1322 daAuts
  Lair:5: 1317 daAuts
     D:3: 1286 daAuts
Shoals:3: 1239 daAuts
     D:1: 1136 daAuts
Shoals:2: 1127 daAuts
     D:7: 1100 daAuts
    D:12: 1099 daAuts
    D:14: 1045 daAuts
    D:11: 1011 daAuts
Shoals:4: 977 daAuts
  Lair:3: 948 daAuts
  Lair:1: 923 daAuts
  Lair:2: 902 daAuts
